 Dungeon Crawl Stone Soup version 0.25-a0-447-gff83419037 (webtiles) character file.

Game seed: 12398334601689977800, levelgen mode: deterministic

5341 Eurus the Thaumaturge (level 10, -1/71 HPs)
             Began as a Mummy Conjurer on Jan 31, 2020.
             Was a Believer of Ashenzari.
             Slain by Erolcha
             ... wielding a +0 giant club
              (22 damage)
             ... on level 10 of the Dungeon.
             The game lasted 00:36:36 (14487 turns).

Eurus the Thaumaturge (Mummy Conjurer)             Turns: 14487, Time: 00:36:37

Health: -1/71      AC:  6    Str: 11    XL:     10   Next: 38%
Magic:  31/33      EV: 10    Int: 18    God:    Ashenzari [**....]
Gold:   581        SH:  9    Dex: 13    Spells: 24/30 levels left

rFire    . . .     SeeInvis .   B - +4 dagger (chaos)
rCold    + . .     Gourm    .   f - +0 shield
rNeg     + + +     Faith    .   C - +2 robe {rN+}
rPois    ∞         Spirit   .   (no helmet)
rElec    .         Reflect  .   w - scarf {repulsion}
rCorr    .         Harm     .   t - +0 pair of gloves
MR       +....                  b - +0 pair of boots
Stlth    ++........             j - amulet of magic regeneration
HPRegen  0.21/turn              k - ring of protection from fire
MPRegen  0.48/turn              d - ring of magical power

@: about to teleport, slowed, repel missiles, very slow
A: no food or potions, fire vulnerability, cold resistance 1, negative energy
resistance 3, torment resistance, unbreathing
a: Curse Item, Scrying, Renounce Religion


You were on level 10 of the Dungeon.
You worshipped Ashenzari.
Ashenzari was pleased with you.
You were not hungry.

You visited 2 branches of the dungeon, and saw 11 of its levels.

You collected 581 gold pieces.

Inventory:

Hand Weapons
 B - a +4 dagger of chaos (weapon)
Armour
 b - a +0 pair of boots (worn)
 f - a +0 shield (worn)
 t - a +0 pair of gloves (worn)
 w - a scarf of repulsion (worn)
 C - a +2 robe of positive energy (worn)
Jewellery
 d - a ring of magical power (right hand)
 j - an amulet of magic regeneration (around neck)
 k - a ring of protection from fire (left hand)
 o - an uncursed ring of flight
 u - an uncursed ring of fire
 y - a +2 ring of slaying
Wands
 q - a wand of random effects (14)
 v - a wand of disintegration (8)
 z - a wand of flame (14)
 A - a wand of scattershot (6)
Scrolls
 a - a scroll of summoning {unknown}
 c - 9 scrolls of identify
 e - 3 scrolls of magic mapping {unknown}
 g - 2 scrolls of teleportation
 h - 4 scrolls of immolation {unknown}
 i - a scroll of fog
 l - a scroll of amnesia {unknown}
 n - 2 scrolls of remove curse
 p - a scroll of random uselessness {unknown}
 r - 2 scrolls of fear {unknown}
 s - 2 scrolls of blinking {unknown}
 x - a scroll of enchant weapon {unknown}


   Skills:
 - Level 4.0 Fighting
 - Level 1.5 Dodging
 - Level 1.5 Stealth
 + Level 6.3 Shields
 + Level 10.9 Spellcasting
 + Level 8.3 Conjurations
 + Level 1.0 Air Magic


You had 24 spell levels left.
You knew the following spells:

 Your Spells              Type           Power        Failure   Level  Hunger
a - Magic Dart            Conj           ####         1%          1    N/A
b - Searing Ray           Conj           #####.       1%          2    N/A
c - Static Discharge      Conj/Air       ####....     10%         3    N/A

Your spell library contained the following spells:

 Spells                   Type           Power        Failure   Level  Hunger
 Shock                    Conj/Air       ####         3%          1    N/A
 Dazzling Flash           Conj/Hex       ###...       12%         3    N/A
 Swiftness                Chrm/Air       ##......     26%         2    N/A
 Fulminant Prism          Conj/Hex       ###.......   38%         4    N/A
 Iskenderun's Mystic Bla  Conj/Tloc      ###.....     38%         4    N/A
 Lightning Bolt           Conj/Air       ####......   65%         5    N/A
 Airstrike                Air            ##........   82%         4    N/A

Dungeon Overview and Level Annotations

Branches:
Dungeon (10/15)            Temple (1/1) D:5            Lair (0/6) D:8
    Orc (0/2) D:10

Altars:
Ashenzari
Cheibriados
Dithmenos
Elyvilon
Fedhas
Gozag
Hepliaklqana
Kikubaaqudgha
Makhleb
Nemelex Xobeh
Okawaru
Qazlal
Ru
Sif Muna
Trog
Uskayaw
Vehumet
Wu Jian
Xom
Yredelemnul
Zin
The Shining One

Annotations:
D:3 Grinder
D:5 2 transporters, Kape1's ghost, novice DgCj
D:10 Erolcha


Innate Abilities, Weirdness & Mutations

You do not eat or drink.
Your flesh is vulnerable to fire.
You are immune to poison.
Your flesh is cold resistant. (rC+)
You are immune to negative energy. (rN+++)
You are immune to unholy pain and torment.
You can survive without breathing.


Message History

(Press . to maintain the ray.) Erolcha points at you and mumbles some strange words.
The crystal spear is repelled.
Erolcha zaps a wand.
You resist with almost no effort.
The now-empty wand crumbles to dust.
The searing ray hits Erolcha!
Erolcha is lightly wounded.
Erolcha screams, "DIE!"
Erolcha gestures at you while chanting. The crystal spear hits you!!
The searing ray hits Erolcha!
Erolcha is moderately wounded.
Erolcha screams, "Stand!
Erolcha hit you!" Erolcha casts a spell at you.
You easily resist.
The searing ray misses Erolcha.
You finish channeling your searing ray.
You block Erolcha's attack. Erolcha hits you with a +0 giant club!
* * * LOW HITPOINT WARNING * * *
As you read the scroll of teleportation, it crumbles to dust.
You feel strangely unstable. Erolcha hits you with a +0 giant club!!
You die...

################* ############
...............#.....#....#.....#
...............#.....#....#....)#
...............#.....#....#.....#
...............#.....#....'.....'
...^.###'###...#[....#....#.....#
######.....#...#.....#....#.....#
.#.........#...#.....##...##....#
.#.........#....@O....#.........#
.#...#######..........#.........#
.#...#.....#####......#.........#
.....#.....#, ,######'###########
.....'.....# #...#...#...#....[
.....#.....+ ,,#...'...#...#.....
##...#.....# #...#...#...#.....
#....####### #...##'##...######
#..........# ,#...#.......#....#


You could see Erolcha.

Vanquished Creatures
  Psyche (D:8)
  A wraith (D:8)
  A yak (D:9)
  A basilisk (D:7)
  3 wargs (D:8)
  A water moccasin (D:7)
  4 ice beasts
  A phantom (D:9)
  A sky beast (D:10)
  A necrophage (D:9)
  8 ogres
  5 centaurs
  4 bullfrogs
  2 scorpions
  4 killer bees (D:9)
  A howler monkey (D:4)
  13 electric eels
  3 crimson imps
  A bullfrog zombie (D:8)
  A centaur zombie (D:9)
  A bullfrog skeleton (D:4)
  9 hounds
  9 orc wizards
  4 orc priests
  A centaur skeleton (D:4)
  A jelly (D:10)
  An iguana (D:9)
  8 worker ants
  A hound zombie (D:7)
  2 hound skeletons
  A worker ant zombie (D:8)
  8 adders
  A shadow imp (D:8)
  An ooze (D:6)
  2 adder skeletons
  4 worms
  2 dart slugs
  2 leopard geckos
  38 orcs
  4 giant cockroaches
  5 goblins
  8 hobgoblins
  7 jackals
  5 kobolds
  5 quokkas
  A ball python (D:3)
  6 bats
  3 frilled lizards (D:4)
  A jackal skeleton (D:4)
  2 leopard gecko skeletons (D:6)
  A quokka skeleton (D:4)
  7 rats
208 creatures vanquished.

Vanquished Creatures (others)
  19 plants
19 creatures vanquished.

Grand Total: 227 creatures vanquished

Notes
Turn   | Place    | Note
-------+----------+-------------------------------------------
     0 | D:1      | Eurus the Mummy Conjurer began the quest for the Orb.
     0 | D:1      | Reached XP level 1. HP: 13/13 MP: 4/4
   380 | D:1      | Reached skill level 3 in Spellcasting
   513 | D:1      | Reached XP level 2. HP: 20/20 MP: 1/6
   517 | D:1      | Learned a level 2 spell: Searing Ray
  1265 | D:2      | Reached skill level 1 in Fighting
  2257 | D:2      | Reached XP level 3. HP: 25/26 MP: 2/7
  3032 | D:3      | Reached XP level 4. HP: 24/33 MP: 4/9
  3169 | D:3      | Reached skill level 4 in Spellcasting
  3440 | D:3      | Noticed Grinder
  3878 | D:4      | Reached XP level 5. HP: 39/39 MP: 7/11
  4428 | D:4      | Reached skill level 5 in Spellcasting
  4428 | D:4      | Reached XP level 6. HP: 31/47 MP: 8/13
  5133 | D:5      | Entered Level 5 of the Dungeon
  5278 | D:5      | Reached skill level 5 in Conjurations
  5278 | D:5      | Reached XP level 7. HP: 41/54 MP: 10/15
  5290 | D:5      | Reached skill level 6 in Spellcasting
  5530 | D:5      | Found a staircase to the Ecumenical Temple.
  5541 | Temple   | Entered the Ecumenical Temple
  5793 | Temple   | Became a worshipper of Ashenzari the Shackled
  6177 | D:5      | Found an iron altar of Okawaru.
  6268 | D:5      | Reached skill level 1 in Shields
  6717 | D:5      | Noticed Kape1's ghost (novice DgCj)
  6718 | D:5      | Found a transporter.
  6719 | D:5      | Found a transporter.
  6720 | D:5      | Identified the +6 great mace of Action {freeze, *Corrode
                  | rPois rF+ SInv}
  6967 | D:6      | Reached skill level 7 in Spellcasting
  7020 | D:6      | Reached XP level 8. HP: 42/60 MP: 15/18
  7917 | D:6      | Reached skill level 8 in Spellcasting
  8640 | D:7      | Reached XP level 9. HP: 56/65 MP: 11/21
  8871 | D:7      | Reached * piety under Ashenzari
  9070 | D:7      | Reached skill level 9 in Spellcasting
 10665 | D:8      | Noticed a two-headed ogre
 10697 | D:8      | Noticed Psyche
 11127 | D:8      | Reached skill level 5 in Shields
 11347 | D:8      | Killed Psyche
 11464 | D:8      | Reached skill level 10 in Spellcasting
 11472 | D:8      | Noticed a two-headed ogre
 11734 | D:8      | Found a staircase to the Lair.
 11823 | D:8      | Reached XP level 10. HP: 57/71 MP: 24/24
 12887 | D:9      | Found a radiant altar of Vehumet.
 13137 | D:9      | Found a white marble altar of Elyvilon.
 13543 | D:10     | Entered Level 10 of the Dungeon
 13851 | D:10     | Learned a level 3 spell: Static Discharge
 13990 | D:10     | Reached ** piety under Ashenzari
 14024 | D:10     | Found a staircase to the Orcish Mines.
 14118 | D:10     | Reached skill level 1 in Air Magic
 14469 | D:10     | Noticed Erolcha
 14487 | D:10     | Slain by Erolcha

Levels and vault maps discovered:
D:1:      dpeg_arrival_pits, layout_basic, minmay_splitting_lines,
          chequers_big_river
D:2:      layout_basic
D:3:      layout_loops_cross, first_ration, uniq_grinder
D:4:      minmay_door_path, layout_loops_ring, grunt_tough_drop
D:5:      layout_basic, temple_pool_b, gammafunk_ghost_smash,
          okawaru_ov_weapons_minmay
D:6:      layout_basic
D:7:      cheibrodos_two_vegetables, layout_rooms, grunt_ogre_cave
D:8:      layout_gridville, erik_lair_orcish_takeover, serial_bayou,
          serial_bayou_pond_a, serial_bayou_shore_a, serial_bayou_pond_d,
          serial_bayou_lagoon_b, serial_bayou_pond_b, serial_bayou_lagoon_a,
          uniq_psyche
D:9:      layout_cave_pools, kennysheep_little_box, basic_altar,
          minmay_hedge_maze
D:10:     layout_grid_maze, orc_0_dummy, basic_altar, uniq_erolcha
Temple:   nicolae_temple_the_god_donut

Skill      XL: |  1  2  3  4  5  6  7  8  9 10 |
---------------+-------------------------------+-----
Spellcasting   | 3 4 5 7 8 10 | 10.9
Fighting       | 1 2 3 4 |  4.0
Conjurations   | 4 5 6 7 8 |  8.3
Shields        | 2 3 5 6 |  6.3
Air Magic      | 1 |  1.0
Dodging        | |  1.5
Stealth        | |  1.5

Action                   |  1- 3 |  4- 6 |  7- 9 | 10-12 || total
-------------------------+-------+-------+-------+-------++-------
Melee: Unarmed           |    19 |       |       |       ||    19
       Club              |    17 |       |       |       ||    17
       Dagger            |       |    77 |   105 |    26 ||   208
 Cast: Magic Dart        |    62 |    26 |   131 |    56 ||   275
       Searing Ray       |     8 |    19 |    53 |    22 ||   102
 Abil: Evoke Flight      |       |       |     1 |       ||     1
  Use: Scroll            |       |       |     3 |     1 ||     4
 Stab: Sleeping          |       |     1 |       |       ||     1
Armor: Robe              |    15 |    15 |    28 |    12 ||    70
Dodge: Dodged            |    27 |    66 |   112 |    27 ||   232
       Deflected         |       |       |     9 |     2 ||    11
Block: Shield            |       |       |    24 |    31 ||    55

Table legend:
 A = Non-vault XP
 B = Vault XP
 C = Vault XP percentage of total XP
 D = Non-vault monster count
 E = Vault monster count
 F = Vault count percentage of total count
                 A         B        C        D         E       F
            +---------+---------+-------+---------+---------+-------
      Total |    5906 |    1725 |  22.6 |     184 |      24 |  11.5
            +---------+---------+-------+---------+---------+-------
        D:1 |      12 |       0 |   0.0 |       8 |       0 |   0.0
        D:2 |      45 |       0 |   0.0 |      16 |       0 |   0.0
        D:3 |     111 |       0 |   0.0 |      28 |       0 |   0.0
        D:4 |     487 |      52 |   9.6 |      21 |       5 |  19.2
        D:5 |     575 |       0 |   0.0 |      17 |       0 |   0.0
        D:6 |     920 |       0 |   0.0 |      23 |       0 |   0.0
        D:7 |    1048 |     663 |  38.7 |      25 |      10 |  28.6
        D:8 |     771 |    1010 |  56.7 |      15 |       9 |  37.5
        D:9 |    1200 |       0 |   0.0 |      20 |       0 |   0.0
       D:10 |     737 |       0 |   0.0 |      11 |       0 |   0.0
            +---------+---------+-------+---------+---------+-------
